 Dungeon Crawl Stone Soup version 0.25-a0-503-ge281fa673e (webtiles) character file.

Game seed: 16091385948739044213, levelgen mode: deterministic

1122 ICC the Covert (level 8, -2/41 HPs)
             Began as a Vampire Earth Elementalist on Feb 13, 2020.
             Slain by a phantom (8 damage)
             ... on level 5 of the Dungeon.
             The game lasted 00:19:47 (4020 turns).

ICC the Covert (Vampire Earth Elementalist)         Turns: 4020, Time: 00:19:48

Health: -2/41      AC:  3    Str:  7    XL:     8   Next: 12%
Magic:  3/11       EV: 13    Int: 19    God:
Gold:   247        SH:  0    Dex: 15    Spells: 3/11 levels left

rFire    . . .     SeeInvis +   w - +2 quarterstaff (chaos)
rCold    + + .     Gourm    .   (shield currently unavailable)
rNeg     + + +     Faith    .   c - +0 robe
rPois    ∞         Spirit   .   (no helmet)
rElec    .         Reflect  .   o - +0 cloak
rCorr    .         Harm     .   (no gloves)
MR       .....                  (no boots)
Stlth    +++++++...             (no amulet)
HPRegen  0.00/turn              k - ring of stealth
MPRegen  0.12/turn              (no ring)

@: bloodless
A: no food, fangs 3, see invisible, unbreathing
a: Bat Form, Revivify


You were on level 5 of the Dungeon.
You were bloodless.

You visited 1 branch of the dungeon, and saw 5 of its levels.

You collected 247 gold pieces.

Inventory:

Hand Weapons
 s - a +0 dagger
 w - a +2 quarterstaff of chaos (weapon)
Missiles
 b - 5 javelins
 f - 23 poisoned darts (quivered)
 x - 178 stones
 y - a throwing net
Armour
 c - a +0 robe (worn)
 e - a +0 buckler
 m - a +2 scale mail of fire resistance
 o - a +0 cloak (worn)
Jewellery
 k - a ring of stealth (left hand)
Wands
 v - a wand of flame (22)
Scrolls
 a - 2 scrolls of random uselessness {unknown}
 d - 5 scrolls of identify {unknown}
 g - 7 scrolls of remove curse {unknown}
 h - a scroll of fog {unknown}
 i - a scroll of amnesia {unknown}
 l - a scroll of magic mapping {unknown}
 p - a scroll of enchant weapon {unknown}
 r - 2 scrolls of blinking {unknown}
Potions
 j - 2 potions of berserk rage {unknown}
 n - 2 potions of curing {unknown}
 q - 2 potions of might {unknown}
 t - a potion of invisibility {unknown}
 u - a potion of resistance {unknown}
 z - a potion of magic {unknown}
 A - a potion of brilliance {unknown}
 B - 3 potions of agility {unknown}


   Skills:
 - Level 2.1 Dodging
 + Level 8.3 Stealth
 - Level 2.0 Spellcasting
 + Level 3.5 Conjurations
 - Level 2.1 Transmutations
 + Level 6.9 Earth Magic


You had 3 spell levels left.
You knew the following spells:

 Your Spells              Type           Power        Failure   Level  Hunger
a - Sandblast             Erth           ####..       1%          1    N/A
b - Petrify               Tmut/Erth      ###.....     26%         4    N/A
x - Stone Arrow           Conj/Erth      ###...       6%          3    N/A

Your spell library contained the following spells:

 Spells                   Type           Power        Failure   Level  Hunger
 Passwall                 Tmut/Erth      ###.....     4%          2    N/A
 Freeze                   Ice            #...         17%         1    N/A
 Frozen Ramparts          Ice            #.....       45%         3    N/A
 Ozocubu's Armour         Chrm/Ice       #.......     45%         3    N/A
 Lee's Rapid Deconstruct  Erth           ####......   26%         5    N/A
 Hailstorm                Conj/Ice       #.......     63%         4    N/A
 Summon Ice Beast         Ice/Summ       #.......     86%         4    N/A

Dungeon Overview and Level Annotations

Branches:
Dungeon (5/15)
 Temple: D:4-7

Altars:
Fedhas
Hepliaklqana


Innate Abilities, Weirdness & Mutations

You do not eat.
You do not regenerate when monsters are visible.
You are frail without blood (-20% HP).
You can heal yourself when you bite living creatures.
You are immune to poison.
You have razor-sharp teeth.
You have supernaturally acute eyesight. (SInv)
You can survive without breathing.


Message History

Aim: a phantom The stone arrow misses the phantom.
The phantom barely misses you.
Casting: Stone Arrow (safe; 6% risk of failure)
Confirm with . or Enter, or press ? or * to list all spells.
Aiming: Stone Arrow (safe; 6% risk of failure)
Press: ? - help, Shift-Dir - straight line, f/p - phantom
Aim: a phantom The stone arrow misses the phantom.
The phantom hits you.
You barely miss the phantom.
The phantom blinks!
The freed slave misses the phantom.
The phantom barely misses the freed slave.
The phantom blinks!
You start resting.
The phantom is too close now for your liking.
You closely miss the phantom. Your bite misses the phantom.
The phantom completely misses you.
You barely miss the phantom. The phantom hits you!
* * * LOW HITPOINT WARNING * * *
You closely miss the phantom. The phantom hits you!
You die...

##. ..> #####.. ...... #....
..####### #.# ... ........#
.....#.###################.###
..............................
............#@.......#####.#..
..####W####.W........# #....
... #..........# ###.. #....
#.#........# #.... #...Z
#.+....%............ ....._
...........#####.#.. .#....
.#..#######... ...... ..#..
#.........# .. #..# ..........


You could see a phantom.

Vanquished Creatures
  Pikel (D:5)
  Sigmund (D:3)
  An ogre (D:4)
  2 centaur skeletons
  Terence (D:2)
  Crazy Yiuf (D:2)
  Natasha (thrice) (D:4)
  A gnoll shaman (D:5)
  3 worker ants
  A howler monkey zombie (D:5)
  3 gnolls (D:5)
  4 adders
  An ooze (D:1)
  An adder skeleton (D:4)
  5 worms
  2 dart slugs
  2 orcs
  4 ball pythons
  4 goblins
  7 hobgoblins
  3 jackals (D:1)
  8 kobolds
  A quokka (D:5)
  10 bats
  7 frilled lizards
  7 rats
  A fungus (D:2)
85 creatures vanquished.

Vanquished Creatures (others)
  A slave (D:5)
  A crimson imp (D:5)
  2 gnolls (D:5)
  A ball python (D:5)
5 creatures vanquished.

Grand Total: 90 creatures vanquished

Notes
Turn   | Place    | Note
-------+----------+-------------------------------------------
     0 | D:1      | ICC the Vampire Earth Elementalist began the quest for the
                  | Orb.
     0 | D:1      | Reached XP level 1. HP: 13/13 MP: 3/3
   299 | D:1      | Reached XP level 2. HP: 12/19 MP: 3/5
   692 | D:2      | Reached XP level 3. HP: 24/24 MP: 6/6
   725 | D:2      | Learned a level 3 spell: Stone Arrow
  1246 | D:2      | Noticed Terence
  1368 | D:2      | Killed Terence
  1368 | D:2      | Reached XP level 4. HP: 9/24 MP: 1/7
  1610 | D:2      | Found a runed translucent door.
  1611 | D:2      | Noticed Crazy Yiuf
  1619 | D:2      | Killed Crazy Yiuf
  1619 | D:2      | Reached skill level 4 in Stealth
  1619 | D:2      | Reached skill level 5 in Earth Magic
  1674 | D:3      | Reached skill level 1 in Conjurations
  1719 | D:3      | Noticed Sigmund
  1726 | D:3      | Killed Sigmund
  1726 | D:3      | Reached skill level 5 in Stealth
  1726 | D:3      | Reached XP level 5. HP: 28/28 MP: 4/8
  1726 | D:3      | Reached XP level 6. HP: 32/32 MP: 4/9
  1808 | D:3      | Learned a level 4 spell: Petrify
  1824 | D:3      | Found a blossoming altar of Fedhas.
  2829 | D:4      | Noticed Natasha
  2835 | D:4      | Killed Natasha
  2835 | D:4      | Reached skill level 6 in Stealth
  3218 | D:4      | Reached XP level 7. HP: 20/36 MP: 10/10
  3427 | D:4      | Noticed Natasha
  3431 | D:4      | Killed Natasha
  3801 | D:4      | Noticed Natasha
  3806 | D:4      | Killed Natasha
  3838 | D:5      | Entered Level 5 of the Dungeon
  3870 | D:5      | Noticed Pikel
  3889 | D:5      | Killed Pikel
  3889 | D:5      | Reached skill level 8 in Stealth
  3889 | D:5      | Reached XP level 8. HP: 41/41 MP: 2/11
  4003 | D:5      | Found a hazy altar of Hepliaklqana.
  4020 | D:5      | Slain by a phantom

Levels and vault maps discovered:
D:1:      psy_arrival_basics, layout_rooms
D:2:      layout_loops_ring, first_ration, uniq_terence, uniq_crazy_yiuf_cottage
D:3:      layout_loops_corners, minmay_misc_feat_encased, fedhas_altar_4,
          uniq_sigmund
D:4:      layout_gridville, uniq_natasha
D:5:      layout_basic, grunt_temple_overflow_open, old_standard_altar,
          led_sif_book, uniq_pikel

Skill      XL: |  1  2  3  4  5  6  7 |
---------------+----------------------+-----
Earth Magic    | 4 5 6 |  6.9
Stealth        | 5 6 8 |  8.3
Conjurations   | 1 2 3 |  3.5
Transmutations | 2 |  2.1
Dodging        | |  2.1
Spellcasting   | |  2.0

Action                   |  1- 3 |  4- 6 |  7- 9 || total
-------------------------+-------+-------+-------++-------
Melee: Unarmed           |    32 |       |       ||    32
       Dagger            |    82 |    65 |     4 ||   151
       Bite              |     8 |     5 |     1 ||    14
       Quarterstaff      |       |    34 |    20 ||    54
Throw: Dart              |    18 |     4 |     4 ||    26
 Cast: Sandblast         |    12 |     9 |       ||    21
       Stone Arrow       |     7 |    11 |    12 ||    30
 Abil: Exsanguinate      |     1 |       |       ||     1
 Stab: Sleeping          |    12 |    17 |     2 ||    31
       Petrified         |       |       |     3 ||     3
Armor: Robe              |    20 |    12 |     2 ||    34
Dodge: Dodged            |    71 |    43 |    15 ||   129

Table legend:
 A = Non-vault XP
 B = Vault XP
 C = Vault XP percentage of total XP
 D = Non-vault monster count
 E = Vault monster count
 F = Vault count percentage of total count
                 A         B        C        D         E       F
            +---------+---------+-------+---------+---------+-------
      Total |     599 |    1004 |  62.6 |      80 |       5 |   5.9
            +---------+---------+-------+---------+---------+-------
        D:1 |      29 |       0 |   0.0 |      14 |       0 |   0.0
        D:2 |      68 |      75 |  52.4 |      22 |       2 |   8.3
        D:3 |      50 |     242 |  82.9 |      22 |       1 |   4.3
        D:4 |     331 |      36 |   9.8 |      12 |       1 |   7.7
        D:5 |     121 |     651 |  84.3 |      10 |       1 |   9.1
            +---------+---------+-------+---------+---------+-------
